 Dungeon Crawl Stone Soup version 0.27.0-1-g7a089689b8 (webtiles) character file.

Game seed: 6168247050707090752

112 ZARRMARR the Conjurer (level 5, -3/35 HPs)
             Began as a Human Conjurer on Aug 12, 2021.
             Slain by Terence (12 damage)
             ... on level 3 of the Dungeon.
             The game lasted 00:13:34 (2970 turns).

ZARRMARR the Conjurer (Human Conjurer)              Turns: 2970, Time: 00:13:35

Health: -3/35      AC:  4    Str:  7    XL:     5   Next: 16%
Magic:  0/9        EV: 12    Int: 20    God:
Gold:   88         SH:  0    Dex: 11    Spells: 9/10 levels left

rFire    . . .     SeeInvis .   g - +1 quarterstaff
rCold    . . .     Faith    .   (shield currently unavailable)
rNeg     . . .     Spirit   .   a - +0 robe
rPois    .         Reflect  .   (no helmet)
rElec    .         Harm     .   f - +0 cloak
rCorr    .         Rampage  .   m - +0 pair of gloves
Will     .....                  (no boots)
Stlth    ++........             (no amulet)
HPRegen  0.11/turn              (no ring)
MPRegen  0.11/turn              (no ring)

@: no status effects
A: no striking features
a: no special abilities


You were on level 3 of the Dungeon.
You visited 1 branch of the dungeon, and saw 3 of its levels.

You collected 88 gold pieces.

Inventory:

Hand Weapons
 g - a +1 quarterstaff (weapon)
Missiles
 b - 60 stones (quivered)
Armour
 a - a +0 robe (worn)
 f - a +0 cloak (worn)
 m - a +0 pair of gloves (worn)
Scrolls
 e - a scroll of enchant weapon
 h - 2 scrolls of immolation
 i - a scroll of fog {unknown}
 j - a scroll of identify {unknown}
 k - a scroll of enchant armour {unknown}
 l - a scroll of vulnerability {unknown}
Potions
 c - a potion of curing
 d - 2 potions of haste {unknown}


   Skills:
 + Level 0.2 Fighting
 + Level 0.6 Throwing
 + Level 2.5 Dodging
 + Level 2.1 Stealth
 * Level 3.3 Spellcasting
 + Level 4.7 Conjurations


You had 9 spell levels left.
You knew the following spells:

 Your Spells              Type           Power      Damage    Failure   Level
a - Magic Dart            Conj           88%        1d7       1%          1

Your spell library contained the following spells:

 Spells                   Type           Power      Damage    Failure   Level
 Searing Ray              Conj           44%        3d4       3%          2
 Animate Skeleton         Necr           6%         N/A       14%         1
 Apportation              Tloc           6%         N/A       14%         1
 Corona                   Hex            3%         N/A       14%         1
 Summon Small Mammal      Summ           12%        N/A       14%         1
 Dazzling Flash           Conj/Hex       24%        N/A       16%         3
 Ensorcelled Hibernation  Hex/Ice        6%         N/A       22%         2
 Spider Form              Tmut/Pois      1%         N/A       38%         3
 Fulminant Prism          Conj/Hex       6%         3d7       45%         4
 Iskenderun's Mystic Bla  Conj/Tloc      12%        2d5       45%         4
 Shadow Creatures         Summ           N/A        N/A       100%        6


Dungeon Overview and Level Annotations

Branches:
Dungeon (3/15)

Altars:
Qazlal

Annotations:
D:2 Sigmund
D:3 Terence


Message History

Terence hits you with a +0 flail! Terence closely misses you.
Throw: 63 stones
Press: ? - help, Q - select action, (/) - cycle Shift-Dir - straight line, f/p - Terence
Aim: Terence, wielding a +0 flail and wearing a +0 chain mail (severely wounded, berserk, 62% to hit)
You throw a stone. The stone closely misses Terence.
Terence closely misses you.
Unknown command.
Casting: Magic Dart (safe; 1% risk of failure)
Confirm with . or Enter, or press ? or * to list all spells.
Aiming: Magic Dart (safe; 1% risk of failure)
Press: ? - help, Shift-Dir - straight line, f/p - Terence
Aim: Terence, wielding a +0 flail and wearing a +0 chain mail (severely wounded, berserk, 100% to hit)
The magic dart hits Terence.
Terence is almost dead.
Terence completely misses you. Terence barely misses you.
Casting: Magic Dart (safe; 1% risk of failure)
Confirm with . or Enter, or press ? or * to list all spells.
You don't have enough magic to cast this spell.
Unknown command.
Unknown command.
Unknown command.
Throw: 62 stones
Press: ? - help, Q - select action, (/) - cycle Shift-Dir - straight line, f/p - Terence
Aim: Terence, wielding a +0 flail and wearing a +0 chain mail (almost dead, berserk, 62% to hit)
You throw a stone. The stone barely misses Terence.
Terence barely misses you.
Unknown command.
Throw: 61 stones
Press: ? - help, Q - select action, (/) - cycle Shift-Dir - straight line, f/p - Terence
Aim: Terence, wielding a +0 flail and wearing a +0 chain mail (almost dead, berserk, 62% to hit)
You throw a stone.
The stone hits Terence but does no damage.
Terence is almost dead.
Terence closely misses you. Terence hits you with a +0 flail!
* * * LOW HITPOINT WARNING * * *
You hit Terence but do no damage.
Terence is almost dead.
Terence closely misses you. Terence misses you.
It was a potion of curing.
You feel better. Terence hits you with a +0 flail!
You die...

#.# #.### #...
#...#######
#.#.......#
######.##.####.####
.........[........##
#####.#[.#.....##..#
##'##.#....#.@..#
##......#..#..@..#
##........###.....#
##..........###....#
#...........# .#...#
'..........#....#..#
#........##.....#...
##..............
..#. ##.....####


You could see Terence (berserk).

Vanquished Creatures
  Jessica (D:2)
  Natasha (twice) (D:2)
  5 endoplasms
  A giant cockroach (D:1)
  A goblin (D:1)
  4 hobgoblins
  7 jackals
  2 quokkas (D:1)
  3 ball pythons
  3 bats
  3 kobolds (D:1)
  3 rats (D:1)
35 creatures vanquished.

Notes
Turn   | Place    | Note
-------+----------+-------------------------------------------
     0 | D:1      | ZARRMARR the Human Conjurer began the quest for the Orb.
     0 | D:1      | Reached XP level 1. HP: 13/13 MP: 3/3
   300 | D:1      | Reached XP level 2. HP: 10/19 MP: 0/5
  1097 | D:1      | Reached XP level 3. HP: 24/24 MP: 4/6
  1146 | D:1      | Found a faded altar of an unknown god.
  2089 | D:2      | Noticed Natasha
  2095 | D:2      | Noticed Sigmund
  2096 | D:2      | Killed Natasha
  2097 | D:2      | Reached XP level 4. HP: 20/30 MP: 1/8
  2345 | D:2      | Noticed Jessica
  2347 | D:2      | Killed Jessica
  2411 | D:2      | Noticed Natasha
  2421 | D:2      | Killed Natasha
  2422 | D:2      | Reached XP level 5. HP: 15/35 MP: 1/9
  2617 | D:3      | Found a stormy altar of Qazlal.
  2954 | D:3      | Noticed Terence
  2970 | D:3      | Slain by Terence

Illustrated notes

Levels and vault maps discovered:
D:1:      dpeg_arrival_houses_and_road, layout_loops_ring, serial_forest,
          infiniplex_forest_straight_3, infiniplex_forest_lined_3,
          infiniplex_forest_3_way, infiniplex_forest_straight_2,
          infiniplex_forest_lined_1, shapermc_ecumenical_altar_ellora,
          minmay_misc_feat_rows
D:2:      layout_loops_ring, uniq_natasha, uniq_jessica, uniq_sigmund
D:3:      layout_loops_corners, mainiacjoe_overflow_small_starburst,
          mainiacjoe_overflow_alcove_1, minmay_misc_feat_chi, uniq_terence

Skill      XL: |  1  2  3  4 |
---------------+-------------+-----
Spellcasting   | 3 |  3.3
Fighting       | |  0.2
Throwing       | |  0.6
Dodging        | |  2.5
Stealth        | |  2.1
Conjurations   | |  4.7

Action                   |  1- 3 |  4- 6 || total
-------------------------+-------+-------++-------
Melee: Unarmed           |    15 |       ||    15
       Quarterstaff      |     2 |     3 ||     5
Throw: Stone             |    32 |     3 ||    35
 Cast: Magic Dart        |    69 |    26 ||    95
  Use: Scroll            |       |     2 ||     2
       Potion            |       |     1 ||     1
Armor: Robe              |    14 |     2 ||    16
Dodge: Dodged            |    62 |    14 ||    76
